Build Orders - 1 Flak is not enough, We have 3 ! - cohdb - Company of Heroes 3 Replays
cohdb
Replays
Latest Replays
All Replays
Popular Replays
Top Player Replays
Match Explorer
How It Works
Community
CoH3 Stats
Reddit
Sign in to upload your games and track your stats! →
Sign in with Steam
1 Flak is not enough, We have 3 !
Match 14331104
Overview
Messages
Build Orders
End
Construct Barracks
Engineer Squad
Selects Airborne Battlegroup
Selects Pathfinders
Riflemen Squad
Riflemen Squad
Infantry Support Center
Construct Weapon Support Center
M3 Armored Personnel Carrier
Construct Medical Station
Sniper
Construct Tank Depot
Selects Recon Loiter
Selects Supply Drop
M18 Hellcat Tank Destroyer
Supply Drop
Selects Paratrooper Squad Paradrop
M1918 Browning Automatic Rifles
M1919 Machine Gun Team
Recon Loiter
M4(105) Sherman Bulldozer
M18 Hellcat Tank Destroyer
Selects Carpet Bombing Run
M1919 Machine Gun Team
Carpet Bombing Run
Supply Drop
Selects Anti-tank Gun Team Paradrop
Mortar Pit
M18 Hellcat Tank Destroyer
Carpet Bombing Run
M3 Armored Personnel Carrier
Recon Loiter
Engineer Squad
M18 Hellcat Tank Destroyer
Engineer Squad
Grenade Package
Recon Loiter
smallNhii
RyuJou
EisregenKubus0
Reactive
0
0
Comments
sign in to comment!
No comments posted yet!